 Dungeon Crawl Stone Soup version 0.18-a0-750-g37044d6 (webtiles) character file.

20393 Oleczek the Fighter (level 12, -1/85 HPs)
             Began as a Gargoyle Fighter on Dec 12, 2015.
             Was a High Priest of Okawaru.
             Slain by a giant leech (6 damage)
             ... on level 4 of the Lair of Beasts.
             The game lasted 01:22:35 (18271 turns).

Oleczek the Fighter (Gargoyle Fighter)             Turns: 18271, Time: 01:22:35

Health: -1/85      AC: 30    Str: 25    XL:     12   Next: 79%
Magic:  21/21      EV:  7    Int:  9    God:    Okawaru [*****.]
Gold:   752        SH:  0    Dex: 15    Spells: 0 memorised, 11 levels left

rFire  . . .     SeeInvis .     R - +3 great mace "Duvillou" {drain, rN++}
rCold  . . .     Clarity  .     W - +0 plate armour
rNeg   + + +     SustAt   .     (shield currently unavailable)
rPois  ∞         Gourm    .     O - +1 helmet
rElec  +         Spirit   .     U - +0 cloak
rCorr  .         Dismiss  .     y - +0 pair of gloves
rMut   .         Stasis   .     i - +0 pair of boots {run}
MR     .....                    (no amulet)
Stlth  ..........               L - +6 ring of dexterity
                                u - ring of magical power

@: very slightly contaminated, invisible, quick, not resistant to hostile
enchantments, extremely unstealthy
A: blink, negative energy resistance 1, electricity resistance, unbreathing,
petrification resistance, rot immunity, AC +8
a: Blink, Heroism, Finesse, Renounce Religion


You were on level 4 of the Lair of Beasts.
You worshipped Okawaru.
Okawaru was extremely pleased with you.
You were not hungry.

You visited 3 branches of the dungeon, and saw 15 of its levels.

You collected 752 gold pieces.

Inventory:

Hand Weapons
 R - the +3 great mace "Duvillou" (weapon) {drain, rN++}
   (Okawaru gifted it to you on level 2 of the Lair of Beasts)

   A truly terrible weapon, it drains the life of those it strikes.
   It greatly protects you from negative energy.
Armour
 c - a +1 shield
 i - a +0 pair of boots of running (worn)
 y - a +0 pair of gloves (worn)
 O - a +1 helmet (worn)
 U - a +0 cloak (worn)
 W - a +0 plate armour (worn)
Jewellery
 u - a ring of magical power (left hand)
 L - a +6 ring of dexterity (right hand)
 S - an uncursed ring of wizardry {unknown}
Wands
 r - a wand of slowing (48)
 A - a wand of cold (7)
 B - a wand of teleportation (1)
 H - a wand of polymorph (19)
 K - a wand of fire (8)
 N - a wand of lightning (8)
Scrolls
 a - 2 scrolls of torment {unknown}
 h - 3 scrolls of remove curse
 k - 6 scrolls of teleportation
 v - a scroll of recharging
 G - 3 scrolls of magic mapping
 J - a scroll of fear
 Z - a scroll of identify
Potions
 d - 4 potions of might
 f - 9 potions of curing
 j - 2 potions of invisibility
 m - 2 potions of brilliance
 o - 4 potions of flight
 p - 3 potions of agility
 s - 2 potions of ambrosia
 F - a potion of berserk rage
 M - 3 potions of haste
 V - a potion of degeneration
 X - a potion of cancellation {unknown}
 Y - a potion of lignification {unknown}
Books
 g - a book of Conjurations

   Spells                             Type                      Level
   a - Magic Dart                     Conjuration                  1
   b - Searing Ray                    Conjuration                  2
   c - Dazzling Spray                 Conjuration/Hexes            3
   d - Fulminant Prism                Conjuration/Hexes            4
   e - Iskenderun's Mystic Blast      Conjuration                  4
   f - Iskenderun's Battlesphere      Conjuration/Charms           5
 t - a book of Battle

   Spells                             Type                      Level
   a - Infusion                       Charms                       1
   b - Shroud of Golubria             Charms/Translocation         2
   c - Song of Slaying                Charms                       2
   d - Spectral Weapon                Hexes/Charms                 3
   e - Regeneration                   Charms/Necromancy            3
 E - a book of the Tempests

   Spells                             Type                      Level
   a - Static Discharge               Conjuration/Air              3
   b - Lightning Bolt                 Conjuration/Air              5
   c - Fireball                       Conjuration/Fire             5
   d - Tornado                        Air                          9
   e - Shatter                        Earth                        9
 I - a book of Unlife

   Spells                             Type                      Level
   a - Recall                         Summoning/Translocation      3
   b - Animate Dead                   Necromancy                   4
   c - Control Undead                 Necromancy                   4
   d - Cigotuvi's Embrace             Necromancy                   5
   e - Death Channel                  Necromancy                   6
   f - Simulacrum                     Ice/Necromancy               6
Comestibles
 b - 3 chunks of flesh
 e - 7 bread rations
 l - 31 fruits
 q - 8 meat rations
 w - 6 beef jerkies
 x - 8 slices of pizza
 Q - a royal jelly


   Skills:
 - Level 14.1 Fighting
 - Level 13.0 Maces & Flails
 + Level 11.0 Armour
 - Level 3.2 Shields


You had 11 spell levels left.
You didn't know any spells.

Dungeon Overview and Level Annotations

Branches:
Dungeon (10/15)            Temple (1/1) D:6            Lair (4/8) D:9
  Swamp (0/4) Lair:4
  Snake: Lair:3-6    Spider: Lair:3-6       Orc: D:9-12

Altars:
Ashenzari
Cheibriados
Dithmenos
Elyvilon
Gozag
Makhleb
Nemelex Xobeh
Okawaru
Pakellas
Qazlal
Ru
Trog
Vehumet
Xom
Yredelemnul
Zin
The Shining One

Shops:
D:6 }   D:9 *

Annotations:
D:6 1 exclusion


Innate Abilities, Weirdness & Mutations

You are resistant to torment.
Your stone body is resilient (AC +8).
You are immune to poison.
You resist negative energy.
You are resistant to electric shocks.
You can survive without breathing.
You are immune to petrification.
You are immune to rotting.
You can translocate small distances at will.


Message History

* * * LOW HITPOINT WARNING * * *
You are very lightly contaminated with residual magic.
Read which item? (? for menu, Esc to quit)
Okay, then.
Zapping:
B - a wand of teleportation (will waste charges)
Press: ? - help, Shift-Dir - straight line
Okay, then.
Drink which item? (? for menu, Esc to quit)
Okay, then.
Zapping:
B - a wand of teleportation (will waste charges)
Press: ? - help, Shift-Dir - straight line The giant leech easily resists.
Evoking this partially-identified wand wasted a few charges.
Why would you want to do that?
A giant leech is nearby!
Why would you want to do that? Why would you want to do that?
The giant leech bites you but does no damage.
The giant leech bites you.
You die...

........................
.......................
#.#>....#...#......#..
#.....######.....P..
♣♣.♣♣♣######........
♣♣§≈§♣♣..............
♣§§§§♣♣♣#..##......#.
♣♣§w§§♣ ######.....#.
♣≈§@♣♣ ### #....##
#♣♣♣§♣♣♣♣#.####....###
##♣.♣♣♣♣♣...............
........................
........................
........................
........#.##.#..#.......
#......#######.#......
#.......#...#.......##


You could see a giant leech.

Vanquished Creatures
  Maud (Lair:3)
  The ghost of AAAAA the Cruncher, a novice DrGl of Pakellas (D:9)
  5 death yaks (Lair:4)
  A hill giant (D:10)
  2 black mambas (Lair:3)
  4 spiny frogs
  A fire drake (Lair:3)
  A komodo dragon (Lair:2)
  A two-headed ogre (D:9)
  A troll (D:8)
  6 blink frogs
  15 yaks
  A human (D:8)
  A hog (D:8)
  2 basilisks
  5 hippogriffs
  A soldier ant (D:9)
  6 wolves
  3 water moccasins
  5 porcupines
  Duvessa (D:5)
  An ice beast (D:5)
  4 black bears
  A necrophage (D:5)
  A wasp (D:8)
  A phantom (D:5)
  7 ogres
  2 orc warriors
  2 sky beasts
  A big kobold (D:10)
  5 centaurs
  4 crocodiles
  17 giant frogs
  Dowan (D:5)
  6 killer bees (D:7)
  An oklob sapling (D:6)
  4 wights (D:8)
  3 giant frog zombies
  9 crimson imps
  A giant frog skeleton (D:4)
  3 hounds
  7 orc priests
  Crazy Yiuf (D:2)
  9 orc wizards
  Jessica (D:1)
  A centaur skeleton (D:6)
  Terence (D:2)
  9 iguanas
  6 worker ants
  10 sheep
  A worker ant zombie (D:10)
  4 gnolls (D:3)
  12 river rats
  11 adders
  6 shadow imps
  An ooze (D:2)
  2 adder skeletons (D:8)
  4 worms
  8 giant geckos
  31 orcs
  9 giant cockroaches
  6 hobgoblins
  7 jackals
  11 kobolds
  4 quokkas
  A ball python (D:5)
  A ball python skeleton (D:4)
  6 bats
  A giant gecko zombie (D:6)
  7 giant newts
  7 goblins
  A jackal skeleton (D:6)
  7 rats
  A butterfly (D:4)
  A plant (D:6)
333 creatures vanquished.

Notes
Turn   | Place    | Note
--------------------------------------------------------------
     0 | D:1      | Oleczek the Gargoyle Fighter began the quest for the Orb.
     0 | D:1      | Reached XP level 1. HP: 14/14 MP: 1/1
   157 | D:1      | Reached XP level 2. HP: 4/19 MP: 2/2
   487 | D:1      | Identified a +0 pair of boots of running (You found it on level 1 of the Dungeon)
  1089 | D:2      | Reached XP level 3. HP: 19/24 MP: 3/3
  1157 | D:2      | Noticed Terence
  1159 | D:2      | Noticed Jessica
  1170 | D:2      | Killed Terence
  1170 | D:2      | Reached skill level 4 in Fighting
  1197 | D:1      | Killed Jessica
  1197 | D:1      | Reached XP level 4. HP: 5/30 MP: 4/4
  1800 | D:2      | Noticed Crazy Yiuf
  1807 | D:2      | Killed Crazy Yiuf
  1807 | D:2      | Reached skill level 5 in Fighting
  1807 | D:2      | Reached XP level 5. HP: 35/35 MP: 5/5
  2655 | D:3      | Reached XP level 6. HP: 28/40 MP: 6/6
  3082 | D:4      | Reached skill level 6 in Fighting
  3082 | D:4      | Reached skill level 5 in Maces & Flails
  3807 | D:4      | Reached XP level 7. HP: 45/47 MP: 7/7
  3850 | D:4      | Found a shimmering altar of Xom.
  4044 | D:4      | Found a stormy altar of Qazlal.
  4418 | D:5      | Entered Level 5 of the Dungeon
  4527 | D:5      | Reached skill level 7 in Fighting
  4726 | D:5      | Reached XP level 8. HP: 30/53 MP: 8/8
  5325 | D:5      | Reached skill level 8 in Fighting
  5343 | D:5      | Noticed Duvessa
  5343 | D:5      | Noticed Dowan
  5363 | D:5      | Killed Duvessa
  5379 | D:5      | Killed Dowan
  6268 | D:6      | Reached skill level 9 in Fighting
  6571 | D:6      | Reached XP level 9. HP: 60/60 MP: 9/9
  6645 | D:6      | Found Voishuos's Gadget Boutique.
  7068 | D:6      | Found a staircase to the Ecumenical Temple.
  7654 | Temple   | Entered the Ecumenical Temple
  7738 | Temple   | Became a worshipper of Warmaster Okawaru
  8230 | D:7      | Reached skill level 10 in Fighting
  8950 | D:8      | Reached * piety under Okawaru
  9709 | D:8      | Reached skill level 11 in Fighting
  9715 | D:8      | Reached XP level 10. HP: 58/69 MP: 10/10
  9724 | D:8      | Reached skill level 10 in Maces & Flails
 10062 | D:8      | Reached ** piety under Okawaru
 10914 | D:9      | Noticed AAAAA's ghost (novice DrGl)
 10977 | D:9      | Killed AAAAA's ghost
 10977 | D:9      | Reached skill level 12 in Fighting
 11289 | D:9      | Found a staircase to the Lair.
 11401 | D:9      | Reached *** piety under Okawaru
 12625 | D:9      | Reached XP level 11. HP: 71/76 MP: 11/11
 12630 | D:9      | Found a white marble altar of Elyvilon.
 12851 | D:9      | Found Folamp's Assorted Antiques.
 12893 | D:10     | Entered Level 10 of the Dungeon
 12964 | D:10     | Noticed a hill giant
 12986 | D:10     | Killed a hill giant
 12986 | D:10     | Reached **** piety under Okawaru
 12986 | D:10     | Reached skill level 13 in Fighting
 13082 | Lair:1   | Entered Level 1 of the Lair of Beasts
 14020 | Lair:2   | Found a labyrinth entrance.
 14111 | Lair:2   | Reached ***** piety under Okawaru
 15114 | Lair:2   | Received a gift from Okawaru
 15131 | Lair:2   | Got an ichor-stained great mace {god gift}
 15364 | Lair:2   | Identified the +3 great mace "Duvillou" {drain, rN++} (Okawaru gifted it to you on level 2 of the Lair of Beasts)
 15713 | Lair:2   | Reached skill level 14 in Fighting
 16131 | Lair:3   | Noticed Maud
 16151 | Lair:3   | Killed Maud
 16151 | Lair:3   | Reached XP level 12. HP: 80/85 MP: 12/12
 16563 | Lair:2   | Got a twisted robe
 16574 | Lair:2   | Identified the cursed -5 robe of Misfortune {-Cast *Contam *Tele EV-4 Str-2 Int-2 Dex-2 Stlth-- *Curse} (You found it on level 2 of the Lair of Beasts)
 16597 | Lair:1   | Gained mutation: You can translocate small distances at will. [mutagenic glow]
 17889 | Lair:4   | Noticed a death yak
 17896 | Lair:4   | Killed a death yak
 17896 | Lair:4   | Received a gift from Okawaru
 17900 | Lair:4   | Noticed a death yak
 17907 | Lair:4   | Noticed a death yak
 17908 | Lair:4   | Noticed a death yak
 17908 | Lair:4   | Noticed a death yak
 17916 | Lair:4   | Killed a death yak
 17930 | Lair:4   | Killed a death yak
 17931 | Lair:4   | Killed a death yak
 17931 | Lair:4   | Reached skill level 10 in Armour
 17932 | Lair:4   | Killed a death yak
 18247 | Lair:4   | Found a staircase to the Swamp.
 18271 | Lair:4   | Slain by a giant leech

Vault maps used:
D:1:      dpeg_arrival_three_same_balls
D:2:      first_bread, uniq_jessica, uniq_crazy_yiuf_cottage, uniq_terence
D:3:      kennysheep_generic_room_5
D:4:      xom_butterflies, grunt_qazlal_clouds
D:5:      gup_sewer_entry_pipe, minmay_misc_feat_enclosed, uniq_duvessa
D:6:      minmay_temple_entry_oklob, serial_shops, nicolae_shop_waterfront,
          nrook_mini_vaults, grunt_ministairs_15, grunt_decor_one_mirror
D:8:      minmay_weird_star, grunt_livestock, minmay_misc_feat_alley
D:9:      elyvilon_altar_3, lair_0_dummy, serial_shops, kennysheep_mini_moat,
          kennysheep_doodads
Temple:   kilobyte_greek_temple_18
Lair:1:   grunt_forest_small_clearings, serial_bayou_pond_c,
          serial_bayou_shore_b, lemuel_fruit_tree
Lair:2:   lab_entry_generic
Lair:3:   uniq_maud
Lair:4:   minmay_swamp_entry_worms

Action                   |  1- 3 |  4- 6 |  7- 9 | 10-12 || total
-------------------------+-------+-------+-------+-------++-------
Melee: Flail             |    96 |   257 |   495 |   198 ||  1046
       Mace              |       |       |       |   411 ||   411
       Great mace        |       |       |       |   217 ||   217
Invok: Heroism           |       |       |       |     4 ||     4
Evoke: Wand              |       |       |       |     1 ||     1
  Use: Scroll            |     3 |     7 |     7 |    10 ||    27
       Potion            |       |       |     3 |     2 ||     5
  Eat: Chunk             |       |    10 |    11 |    12 ||    33
       Bread ration      |       |       |     2 |     3 ||     5
